 Dungeon Crawl Stone Soup version 0.27.1-2-g3b301248ec (webtiles) character file.

Game seed: 14814487000681029851

223 Crownlay the Skirmisher (level 5, -9/53 HPs)
             Began as a Minotaur Monk on Sept 22, 2021.
             Killed by an exploding river rat (18 damage)
             ... ignited by their inner flame
             ... on level 3 of the Dungeon.
             The game lasted 00:07:39 (4150 turns).

Crownlay the Skirmisher (Minotaur Monk)             Turns: 4150, Time: 00:07:40

Health: -9/53      AC:  5    Str: 15    XL:     5   Next: 66%
Magic:  4/4        EV: 13    Int:  7    God:
Gold:   109        SH:  0    Dex: 14    Spells: 4/4 levels left

rFire    . . .     SeeInvis .   a - +0 falchion
rCold    . . .     Faith    .   (no shield)
rNeg     . . .     Spirit   .   b - +0 robe
rPois    .         Reflect  .   (helmet restricted)
rElec    .         Harm     .   (no cloak)
rCorr    +         Rampage  .   (no gloves)
Will     .....                  k - +2 pair of boots
Stlth    ++........             (no amulet)
HPRegen  0.17/turn              i - ring of resist corrosion
MPRegen  0.09/turn              (no ring)

@: no status effects
A: horns 2, retaliatory headbutt
a: no special abilities


You were on level 3 of the Dungeon.
You visited 1 branch of the dungeon, and saw 4 of its levels.

You collected 109 gold pieces.

Inventory:

Hand Weapons
 a - a +0 falchion (weapon)
 q - a +0 long sword
Armour
 b - a +0 robe (worn)
 k - a +2 pair of boots (worn)
Jewellery
 i - a ring of resist corrosion (left hand)
 j - a ring of willpower
 n - a +6 ring of intelligence
Scrolls
 c - a scroll of identify
 d - a scroll of teleportation {unknown}
 o - a scroll of magic mapping {unknown}
Potions
 e - a potion of heal wounds {unknown}
 g - a potion of brilliance {unknown}
 h - a potion of attraction {unknown}
 l - 2 potions of haste {unknown}
 m - a potion of resistance {unknown}


   Skills:
 + Level 7.8 Fighting
 - Level 3.6 Long Blades
 - Level 3.2 Dodging
 - Level 1.5 Stealth


You had 4 spell levels left.
You didn't know any spells.
Your spell library was empty.

Dungeon Overview and Level Annotations

Branches:
Dungeon (4/15)             Temple (0/1) D:4

Altars:

Annotations:
D:3 Eustachio
D:4 Robin


Innate Abilities, Weirdness & Mutations

You have a pair of horns on your head.
You reflexively headbutt those who attack you in melee.


Message History

The shadow imp barely misses you. You furiously retaliate!
You headbutt the shadow imp.
You kill the shadow imp!
There is a stone staircase leading down here.
You hit the white imp. You headbutt the white imp.
You kill the white imp!
You hit the white imp but do no damage. Your headbutt misses the white imp.
The white imp hits you but does no damage.
Eustachio casts a spell.
The white imp gestures at you. The puff of frost hits you.
You hit the white imp.
The white imp is moderately wounded.
The white imp gestures at you. The puff of frost hits you!
* * * LOW HITPOINT WARNING * * *
You feel better.
Eustachio mumbles some strange words.
The river rat barely misses you. You furiously retaliate!
You headbutt the river rat! The white imp hits you. The white imp freezes you.
* * * LOW HITPOINT WARNING * * *
As you read the scroll labelled WELOHOYSCH, it crumbles to dust.
It is a scroll of identify.
f - a scroll of immolation Eustachio casts a spell.
The river rat barely misses you. The white imp hits you.
* * * LOW HITPOINT WARNING * * *
The white imp freezes you.
* * * LOW HITPOINT WARNING * * *
Really read the scroll of immolation?
As you read the scroll of immolation, it crumbles to dust.
The creatures around you are filled with an inner flame!
Eustachio casts a spell.
Eustachio blinks!
The river rat barely misses you. You furiously retaliate!
You headbutt the river rat.
The river rat's corpse disappears in a puff of smoke!
The river rat explodes!
The fiery explosion engulfs the bat!!
The bat's corpse disappears in a puff of smoke!
The fiery explosion engulfs you!!
You die...

..# #....# #.####....#
...|##....# #.#.##....#
..#.##....# ..#.##....#
..#.##....#
#.#.##....########
..........5r§5§§@#
#.###.....######5####
..............##.#..#
#.####....###.##.#.)# ..#
#....#...##.#..######
######....#.####.#.......#
....##......#....##.####.#
###.####.#.##.......# #.#
......##.#(##...########.#


You could see an iron imp (summoned, inner flame) and a white imp (summoned,
inner flame).

Vanquished Creatures
  A scorpion (D:3)
  An orc priest (D:3)
  Terence (D:2)
  3 adders
  A worm (D:2)
  3 dart slugs
  4 orcs
  8 endoplasms
  A giant cockroach (D:2)
  10 goblins
  8 hobgoblins
  4 jackals (D:1)
  5 kobolds
  3 quokkas
  6 ball pythons
  4 bats
  A frilled lizard (D:2)
  7 rats
  4 bushes (D:2)
75 creatures vanquished.

Vanquished Creatures (others)
  A plant (D:2)
1 creature vanquished.

Grand Total: 76 creatures vanquished

Notes
Turn   | Place    | Note
-------+----------+-------------------------------------------
     0 | D:1      | Crownlay the Minotaur Monk began the quest for the Orb.
     0 | D:1      | Reached XP level 1. HP: 19/19 MP: 0/0
    26 | D:1      | Reached skill level 4 in Fighting
   119 | D:1      | Reached XP level 2. HP: 8/28 MP: 1/1
   655 | D:1      | Reached skill level 5 in Fighting
   956 | D:2      | Reached XP level 3. HP: 12/36 MP: 2/2
  2147 | D:2      | Noticed Terence
  2160 | D:2      | Killed Terence
  2161 | D:2      | Reached skill level 6 in Fighting
  2161 | D:2      | Reached XP level 4. HP: 17/41 MP: 3/3
  2398 | D:2      | You fall into a shaft and drop 1 floor!
  3169 | D:3      | Reached skill level 7 in Fighting
  3169 | D:3      | Reached XP level 5. HP: 50/52 MP: 4/4
  3942 | D:3      | Found a faded altar of an unknown god.
  4046 | D:4      | Found a staircase to the Ecumenical Temple.
  4051 | D:4      | Identified the +0 helmet of Snakes and Ladders {Int+2}
  4051 | D:4      | Noticed Robin
  4051 | D:4      | Noticed Eustachio
  4150 | D:3      | Killed by an exploding river rat... ignited by their inner
                  | flame

Illustrated notes

Levels and vault maps discovered:
D:1:      ebering_hopf_link, layout_basic
D:2:      layout_loops_ring, serial_forest, infiniplex_forest_clump_curved,
          infiniplex_forest_end_1, infiniplex_forest_clump_small,
          infiniplex_forest_end_2, infiniplex_forest_end_2,
          infiniplex_forest_end_3, st_stairs_11, minmay_hedge_maze,
          corner_web_ring, kennysheep_generic_room_6, uniq_terence
D:3:      layout_basic, shapermc_ecumenical_altar_notcrosses,
          grunt_ministairs_15
D:4:      minmay_wonky_spiral, layout_cave_pools, minmay_temple_entry_slanted,
          kennysheep_generic_room_15, uniq_eustachio, uniq_pikel, uniq_robin,
          uniq_duvessa

Skill      XL: |  1  2  3  4 |
---------------+-------------+-----
Fighting       | 4 5 6 7 |  7.8
Long Blades    | |  3.6
Dodging        | |  3.2
Stealth        | |  1.5

Action                   |  1- 3 |  4- 6 || total
-------------------------+-------+-------++-------
Melee: Falchion          |   219 |   327 ||   546
       Headbutt          |    54 |   128 ||   182
  Use: Scroll            |       |     2 ||     2
       Potion            |       |     1 ||     1
 Stab: Sleeping          |     5 |     3 ||     8
       Distracted        |     1 |       ||     1
Armor: Robe              |    16 |    16 ||    32
Dodge: Dodged            |    59 |    51 ||   110
       Rpst.: Falchion   |     8 |    13 ||    21
